[Event "Titled Tuesday Blitz January 17 Early 2023"]
[White "Gurevich, Dmitry"]
[Black "Paravyan, David"]
[WhiteFideId "2000407"]
[BlackFideId "4194985"]
[WhiteElo "2393"]
[BlackElo "2601"]
[Result "1/2-1/2"]
[Round "06"]
[TimeControl "180+2"]
[Date "2023.01.17"]
[WhiteClock "0:00:07"]
[BlackClock "0:00:08"]

1. d4 Nf6 2. c4 g6 3. Nc3 d5 4. Nf3 Bg7 5. cxd5 Nxd5 6. Bd2 c5 7. Rc1 Nxc3 8. Bxc3 O-O 9. dxc5 Bxc3+ 10. Rxc3 Qxd1+ 11. Kxd1 Be6 12. Kc2 Nc6 13. a3 Bf5+ 14. Kc1 Rfd8 15. e3 a5 16. Bb5 Nb4 17. Bc4 Nd5 18. Bxd5 Rxd5 19. Nd4 Rc8 20. b4 Bd7 21. Rd1 Ba4 22. Rd2 b6 23. e4 Re5 24. c6 axb4 25. axb4 Rxe4 26. f3 Re1+ 27. Kb2 e5 28. Nc2 Rh1 29. c7 Kg7 30. Rd8 Rxc7 31. Rxc7 Rxh2 32. Ra8 Bxc2 33. Rxc2 Rh4 34. Kb3 e4 35. fxe4 Rxe4 36. Rc6 b5 37. Rc5 Re3+ 38. Rc3 Re2 39. g3 h5 40. Rac8 f5 41. R8c5 Kh6 42. Rxb5 Kg5 43. Rb6 Re4 44. Rcc6 Re3+ 45. Ka4 Kg4 46. Rxg6+ Kh3 47. Rg5 h4 48. gxh4 f4 49. Rf6 f3 50. Rgf5 Kg4 51. Rf4+ Kh5 52. Rxf3 Re4 53. R3f4 Rxb4+ 54. Ka3 Rb3+ 55. Ka4 Rb4+ 56. Ka5 Rb5+ 57. Ka6 Rb6+ 58. Ka7 Rb7+ 59. Ka6 Rb6+ 60. Kxb6 1/2-1/2


[Site "https://www.chess.com"]

[Event "Titled Tuesday Blitz January 17 Early 2023"]
[White "Naroditsky, Daniel"]
[Black "Tatarinov, Dmitry"]
[WhiteFideId "2026961"]
[BlackFideId "24160067"]
[WhiteElo "2618"]
[BlackElo "2310"]
[Result "1-0"]
[Round "06"]
[TimeControl "180+2"]
[Date "2023.01.17"]
[WhiteClock "0:02:50"]
[BlackClock "0:02:19"]

1. e4 c6 2. d4 d5 3. f3 dxe4 4. fxe4 e5 5. Nf3 Be6 6. Nbd2 exd4 7. Bc4 Bxc4 8. Nxc4 Bc5 9. Ng5 Nf6 10. O-O h6 11. Nxf7 Kxf7 12. Qh5+ Kg8 13. Qxc5 b6 14. Qf5 Qd7 15. Qg6 Qe8 16. Rxf6 Qxg6 17. Rxg6 Kf7 18. Ne5+ 1-0


[Site "https://www.chess.com"]

[Event "Titled Tuesday Blitz January 17 Early 2023"]
[White "Atabayev, Saparmyrat"]
[Black "Terry, Renato"]
[WhiteFideId "14000571"]
[BlackFideId "3803457"]
[WhiteElo "2448"]
[BlackElo "2520"]
[Result "0-1"]
[Round "06"]
[TimeControl "180+2"]
[Date "2023.01.17"]
[WhiteClock "0:01:33"]
[BlackClock "0:01:19"]

1. e4 e6 2. b3 d5 3. Bb2 Nf6 4. e5 Ng8 5. f4 Nh6 6. Nf3 c5 7. c3 Nc6 8. d4 cxd4 9. cxd4 Nf5 10. Bd3 Bb4+ 11. Kf2 O-O 12. g4 Nh6 13. g5 Nf5 14. h4 Be7 15. Nbd2 Qb6 16. Bxf5 exf5 17. Nf1 Be6 18. Ne3 Rfc8 19. h5 Qa6 20. a3 Na5 21. Nh4 g6 22. hxg6 fxg6 23. Nhxf5 Bxf5 24. Nxf5 gxf5 25. Rh6 Rc6 26. Qh1 Rc2+ 27. Ke3 Qe2# 0-1


[Site "https://www.chess.com"]

[Event "Titled Tuesday Blitz January 17 Early 2023"]
[White "Esipenko, Andrey"]
[Black "Gurvich, Vitaly"]
[WhiteFideId "24175439"]
[BlackFideId "24164852"]
[WhiteElo "2679"]
[BlackElo "2278"]
[Result "1-0"]
[Round "06"]
[TimeControl "180+2"]
[Date "2023.01.17"]
[WhiteClock "0:00:21"]
[BlackClock "0:00:02"]

1. e4 c6 2. d4 d5 3. e5 Bf5 4. h4 h5 5. Bd3 Bxd3 6. Qxd3 Qa5+ 7. Nd2 Qa6 8. c4 e6 9. Ngf3 Nh6 10. O-O Nf5 11. b3 Be7 12. a4 Nd7 13. Ba3 Bxa3 14. Rxa3 c5 15. dxc5 Nxc5 16. Qb1 dxc4 17. Nxc4 O-O 18. Rc1 b5 19. axb5 Qxb5 20. b4 Nd7 21. Ra5 Qb7 22. Nd6 Nxd6 23. exd6 Nf6 24. Ne5 Nd5 25. Qe4 Rfd8 26. Rc7 Qxb4 27. Qxb4 Nxb4 28. Nxf7 Rf8 29. Ng5 Nd5 30. Rcxa7 Rxa7 31. Rxa7 Rd8 32. Rxg7+ Kxg7 33. Nxe6+ Kf6 34. Nxd8 Ke5 35. Nb7 Ke6 36. g3 Nc3 37. Kg2 Ne4 38. Kf3 Nd2+ 39. Ke3 Nc4+ 40. Kf4 Ne5 41. Kg5 Nd3 42. f4 Nf2 43. Kxh5 Kd7 44. g4 1-0


[Site "https://www.chess.com"]

[Event "Titled Tuesday Blitz January 17 Early 2023"]
[White "Xu, Yi"]
[Black "Costachi, Mihnea"]
[WhiteFideId "8605564"]
[BlackFideId "1217518"]
[WhiteElo "2527"]
[BlackElo "2476"]
[Result "1/2-1/2"]
[Round "06"]
[TimeControl "180+2"]
[Date "2023.01.17"]
[WhiteClock "0:00:11"]
[BlackClock "0:00:28"]

1. e4 c5 2. Nf3 Nc6 3. Bb5 g6 4. O-O Bg7 5. c3 Nf6 6. Re1 O-O 7. d4 cxd4 8. cxd4 d5 9. e5 Ne4 10. Bxc6 bxc6 11. Be3 f6 12. exf6 exf6 13. Nbd2 Rb8 14. Qc1 Qb6 15. Nb3 Ba6 16. Qc2 Bc4 17. Nfd2 Nxd2 18. Nxd2 Qxb2 19. Qxb2 Rxb2 20. Nxc4 dxc4 21. Rec1 f5 22. g3 Rb4 23. Rc2 c5 24. Rd1 cxd4 25. Bxd4 Rd8 26. Rcd2 Bxd4 27. Rxd4 Rxd4 28. Rxd4 Ra4 29. Kg2 Kg7 30. Kf3 Kf6 31. Rd7 h6 32. Rc7 Ra3+ 33. Kg2 Rxa2 34. Rxc4 a5 35. Rc6+ Kf7 36. h4 h5 37. Ra6 a4 38. Kf3 a3 39. Ke3 Ra1 40. Kf4 a2 41. Kg5 Ke7 42. Kxg6 f4 43. Kxh5 fxg3 44. fxg3 Rg1 45. Rxa2 Rxg3 46. Rf2 Ke8 47. Rf5 Ke7 48. Rg5 Ra3 49. Kg6 Kf8 50. Re5 Ra6+ 51. Kg5 Kg7 52. h5 Ra7 53. Rf5 Kh7 54. h6 Rb7 55. Kh5 Rc7 56. Rg5 Rc6 57. Rg7+ Kh8 58. Rf7 Rb6 59. Kg5 Ra6 60. Re7 Rb6 61. Rf7 Ra6 62. Rf6 Rxf6 63. Kxf6 Kh7 64. Kg5 Kh8 65. Kg6 Kg8 66. h7+ Kh8 67. Kh6 1/2-1/2


[Site "https://www.chess.com"]

[Event "Titled Tuesday Blitz January 17 Early 2023"]
[White "Krysa, Leandro"]
[Black "Demchenko, Anton"]
[WhiteFideId "116807"]
[BlackFideId "4160258"]
[WhiteElo "2541"]
[BlackElo "2623"]
[Result "1-0"]
[Round "06"]
[TimeControl "180+2"]
[Date "2023.01.17"]
[WhiteClock "0:00:03"]
[BlackClock "0:00:01"]

1. e4 e5 2. Nf3 Nc6 3. d4 exd4 4. Nxd4 Nf6 5. Nxc6 bxc6 6. e5 Qe7 7. Qe2 Nd5 8. Nd2 a5 9. c4 Nb6 10. b3 a4 11. Rb1 axb3 12. axb3 Qe6 13. g3 Bb4 14. Bg2 O-O 15. O-O d5 16. Bb2 Ra2 17. Nf3 Bc3 18. Rfc1 Bxb2 19. Rxb2 Rxb2 20. Qxb2 dxc4 21. bxc4 c5 22. Qb5 Qe7 23. h4 h6 24. Re1 Bd7 25. Qb3 Rd8 26. Nd2 Be6 27. Ne4 Bxc4 28. Qc3 Rd3 29. Qa5 Rd5 30. f4 Rd3 31. Kh2 Bd5 32. Nxc5 Rd4 33. Ne4 Bxe4 34. Bxe4 Qd8 35. Re2 Rd1 36. Qc5 Na4 37. Qb4 Ra1 38. e6 fxe6 39. Bg2 Qd1 40. Qe4 Qg1+ 41. Kh3 Nc5 42. Qc6 Rc1 43. Qe8+ Kh7 44. Rxe6 Qf2 45. Re2 Qd4 46. f5 Qf6 47. h5 Rc3 48. Qg6+ 1-0


[Site "https://www.chess.com"]

[Event "Titled Tuesday Blitz January 17 Early 2023"]
[White "Grandelius, Nils"]
[Black "Domingo Nunez, Ruben"]
[WhiteFideId "1710400"]
[BlackFideId "22245570"]
[WhiteElo "2664"]
[BlackElo "2416"]
[Result "1-0"]
[Round "06"]
[TimeControl "180+2"]
[Date "2023.01.17"]
[WhiteClock "0:00:14"]
[BlackClock "0:00:02"]

1. e4 Nf6 2. e5 Nd5 3. d4 d6 4. Nf3 Nc6 5. c4 Nb6 6. e6 fxe6 7. Nc3 e5 8. d5 Nd4 9. Nxd4 exd4 10. Qxd4 e5 11. Qe4 Be7 12. Bd3 g6 13. Qe2 O-O 14. Ne4 c6 15. Bh6 Rf7 16. O-O-O cxd5 17. cxd5 Bd7 18. Kb1 Rc8 19. h4 Ba4 20. Rd2 Bxh4 21. g3 Be7 22. f4 exf4 23. gxf4 Qc7 24. b3 Bd7 25. Ng5 Bxg5 26. Bxg5 Re8 27. Qg2 Bf5 28. Bxf5 Rxf5 29. Rc1 Qf7 30. Rcd1 Qg7 31. Re2 Rff8 32. Re6 Qc3 33. Qe4 Nd7 34. Rxe8 Rxe8 35. Qxe8+ Nf8 36. Bh6 1-0


[Site "https://www.chess.com"]

[Event "Titled Tuesday Blitz January 17 Early 2023"]
[White "Wagner, Dennis"]
[Black "Movahed, Sina"]
[WhiteFideId "24650684"]
[BlackFideId "42520835"]
[WhiteElo "2595"]
[BlackElo "2340"]
[Result "1/2-1/2"]
[Round "06"]
[TimeControl "180+2"]
[Date "2023.01.17"]
[WhiteClock "0:00:11"]
[BlackClock "0:00:54"]

1. d4 Nf6 2. Nf3 g6 3. c4 Bg7 4. Nc3 O-O 5. e4 d6 6. Be2 e5 7. Be3 exd4 8. Nxd4 Re8 9. f3 c6 10. Bf2 d5 11. exd5 cxd5 12. O-O Nc6 13. c5 Bf8 14. Nxc6 bxc6 15. b4 Nh5 16. g3 Bg7 17. Bd4 Bh3 18. Re1 Qc7 19. Bxg7 Kxg7 20. Qd4+ Kg8 21. Kf2 Ng7 22. Ba6 Nf5 23. Qf6 h5 24. Rxe8+ Rxe8 25. Re1 Rxe1 26. Kxe1 h4 27. Ne2 hxg3 28. hxg3 Nxg3 29. Nf4 Bd7 30. Bd3 Nf5 31. Bxf5 Bxf5 32. Ne2 Qb7 33. a3 Qa6 34. Nd4 Qxa3 35. Qd8+ Kh7 36. Qh4+ Kg8 37. Qd8+ Kg7 38. Nxf5+ gxf5 39. Qg5+ Kh7 40. Qh5+ Kg8 41. Qg5+ Kf8 42. Qd8+ Kg7 43. Qg5+ Kh8 44. Qh6+ Kg8 45. Qg5+ Kh7 46. Qh5+ Kg7 47. Qg5+ 1/2-1/2


[Site "https://www.chess.com"]

[Event "Titled Tuesday Blitz January 17 Early 2023"]
[White "Zhigalko, Sergei"]
[Black "Starozhilov, Leonid"]
[WhiteFideId "13502956"]
[BlackFideId "14106752"]
[WhiteElo "2572"]
[BlackElo "2313"]
[Result "1-0"]
[Round "06"]
[TimeControl "180+2"]
[Date "2023.01.17"]
[WhiteClock "0:00:07"]
[BlackClock "0:00:02"]

1. e4 Nc6 2. Nf3 d6 3. d4 Nf6 4. Nc3 g6 5. Bb5 a6 6. Bxc6+ bxc6 7. h3 Bg7 8. O-O O-O 9. Re1 Nd7 10. e5 c5 11. Bg5 f6 12. exf6 exf6 13. dxc5 Bb7 14. Be3 dxc5 15. Qe2 Kh8 16. Rad1 Qc8 17. Nd5 Nb6 18. Ne7 Qe6 19. Bxc5 Qxa2 20. Nh4 Rfe8 21. Bxb6 cxb6 22. Rd7 Bc6 23. Rc7 Bd5 24. Nhxg6+ hxg6 25. Nxg6+ Kg8 26. Ne7+ Rxe7 27. Rxe7 Bf7 28. b3 Qa5 29. Qf3 Rf8 30. Qg3 Qg5 31. Qc7 1-0


[Site "https://www.chess.com"]

[Event "Titled Tuesday Blitz January 17 Early 2023"]
[White "Weetik, Vjacheslav"]
[Black "Gorodetzky, David"]
[WhiteFideId "4153472"]
[BlackFideId "2813416"]
[WhiteElo "2423"]
[BlackElo "2485"]
[Result "0-1"]
[Round "06"]
[TimeControl "180+2"]
[Date "2023.01.17"]
[WhiteClock "0:00:08"]
[BlackClock "0:02:15"]

1. d4 d5 2. Nf3 Nf6 3. c4 e6 4. g3 dxc4 5. Bg2 a6 6. O-O Nc6 7. Nc3 Rb8 8. e4 b5 9. e5 Nd5 10. Ng5 Be7 11. Qh5 g6 12. Qh6 Bf8 13. Qh4 h6 14. Nxd5 exd5 15. Nxf7 Kxf7 16. Qxd8 Nxd8 17. Bxd5+ Be6 18. Be4 c6 19. Kg2 Bd5 20. f3 Ne6 21. Be3 Be7 22. a4 Rhd8 23. axb5 axb5 24. Ra7 Ra8 25. Rfa1 Rxa7 26. Rxa7 Bxe4 27. fxe4 Nxd4 0-1


[Site "https://www.chess.com"]

[Event "Titled Tuesday Blitz January 17 Early 2023"]
[White "Maximov, Dmitry"]
[Black "Papasimakopoulos, Alexandros"]
[WhiteFideId "14105659"]
[BlackFideId "4244125"]
[WhiteElo "2497"]
[BlackElo "2401"]
[Result "0-1"]
[Round "06"]
[TimeControl "180+2"]
[Date "2023.01.17"]
[WhiteClock "0:00:04"]
[BlackClock "0:00:09"]

1. e4 e6 2. d4 d5 3. e5 b6 4. c3 Qd7 5. h4 Ne7 6. h5 h6 7. Rh3 c5 8. Nf3 a5 9. a4 Ba6 10. Na3 Bxf1 11. Kxf1 Nbc6 12. Nb5 Nc8 13. Rg3 N6a7 14. Qe2 Nxb5 15. axb5 c4 16. Kg1 Qxb5 17. Nd2 Qd7 18. Nf1 b5 19. Bd2 Ne7 20. f4 g6 21. Rh3 a4 22. g4 Rg8 23. hxg6 fxg6 24. Kh2 Bg7 25. Ne3 Kd8 26. Be1 Kc7 27. Bh4 g5 28. fxg5 hxg5 29. Bg3 Rh8 30. Rh5 Ng6 31. Rh1 Nf4 32. Bxf4 gxf4 33. Ng2 Rxh5+ 34. gxh5 Qf7 35. Qg4 Bh6 36. Nh4 a3 37. Rb1 f3 38. Nxf3 a2 39. Ra1 Qf4+ 40. Qxf4 Bxf4+ 41. Kh3 Bc1 42. Rxc1 a1=Q 43. Rxa1 Rxa1 44. h6 Kd7 45. Kg4 Ke7 46. h7 Ra8 47. Kh5 Rf8 48. Ng5 Kd7 49. Kg6 b4 50. cxb4 Kc6 51. Nxe6 Ra8 52. Nf4 Rd8 53. e6 Kd6 54. Kf7 Rh8 55. e7 Rxh7+ 56. Kf6 Rxe7 57. b5 Re4 58. Ng6 Rxd4 59. b6 Rd2 60. Ne7 Rxb2 61. Nf5+ Kc5 62. Ke5 Rxb6 63. Ne3 d4 64. Nf5 Rb8 65. Nxd4 Re8+ 66. Ne6+ Rxe6+ 67. Kxe6 c3 68. Ke5 c2 0-1


[Site "https://www.chess.com"]

[Event "Titled Tuesday Blitz January 17 Early 2023"]
[White "Gareyev, Timur"]
[Black "Csonka, Balazs"]
[WhiteFideId "14200937"]
[BlackFideId "742910"]
[WhiteElo "2617"]
[BlackElo "2496"]
[Result "1-0"]
[Round "06"]
[TimeControl "180+2"]
[Date "2023.01.17"]
[WhiteClock "0:00:36"]
[BlackClock "0:00:34"]

1. d4 Nf6 2. c4 g6 3. Nc3 Bg7 4. e4 O-O 5. Be2 d6 6. Bg5 c5 7. d5 b5 8. cxb5 a6 9. a4 axb5 10. Bxb5 Na6 11. Nge2 Nb4 12. O-O h6 13. Bf4 Ba6 14. Qd2 Kh7 15. h3 Nd7 16. Bxa6 Rxa6 17. Nb5 Nb6 18. Nec3 Qd7 19. b3 Rfa8 20. Rab1 c4 21. bxc4 Nxc4 22. Qe2 Rxa4 23. Qxc4 Rc8 24. Qb3 Nd3 25. Nxa4 Nxf4 26. Nb6 1-0


[Site "https://www.chess.com"]

[Event "Titled Tuesday Blitz January 17 Early 2023"]
[White "Belozerov, Andrei"]
[Black "Ozen, Bahadir"]
[WhiteFideId "4120213"]
[BlackFideId "6337058"]
[WhiteElo "2461"]
[BlackElo "2369"]
[Result "0-1"]
[Round "06"]
[TimeControl "180+2"]
[Date "2023.01.17"]
[WhiteClock "0:00:36"]
[BlackClock "0:01:09"]

1. d4 d6 2. e4 Nf6 3. Nc3 e5 4. Nf3 Nbd7 5. Bc4 Be7 6. a4 O-O 7. O-O c6 8. Re1 b6 9. h3 a6 10. Ba2 Rb8 11. Nh4 exd4 12. Qxd4 Nc5 13. b4 Ne6 14. Qd3 d5 15. exd5 Nxd5 16. Nxd5 Bxh4 17. Nf4 Qf6 18. Nxe6 Qxf2+ 19. Kh2 Bxe6 20. Bxe6 Qxe1 21. Bf5 Qe5+ 22. g3 Qxa1 23. gxh4 Qxc1 0-1


[Site "https://www.chess.com"]

[Event "Titled Tuesday Blitz January 17 Early 2023"]
[White "Urazayev, Arystanbek"]
[Black "Kleiman, Jake"]
[WhiteFideId "13709810"]
[BlackFideId "2020041"]
[WhiteElo "2460"]
[BlackElo "2399"]
[Result "1/2-1/2"]
[Round "06"]
[TimeControl "180+2"]
[Date "2023.01.17"]
[WhiteClock "0:00:07"]
[BlackClock "0:00:09"]

1. d4 Nf6 2. c4 e6 3. Nf3 Bb4+ 4. Nc3 c5 5. g3 Bxc3+ 6. bxc3 Qa5 7. Bg2 Qxc3+ 8. Bd2 Qxc4 9. Rc1 Qxa2 10. Rxc5 Nc6 11. O-O O-O 12. Ne5 d5 13. Nxc6 bxc6 14. Bg5 Ne4 15. Bxe4 dxe4 16. e3 e5 17. dxe5 Bh3 18. Re1 Qe6 19. Qc2 Qg4 20. f4 exf3 21. Be7 Rfe8 22. Bd6 a5 23. Rc4 Qe6 24. Rh4 h6 25. Kf2 Bg4 26. h3 Bxh3 27. Kxf3 Bf5 28. e4 Bg6 29. Ra1 Ra6 30. Rhh1 f6 31. Qa2 fxe5 32. Qxe6+ Rxe6 33. Bc5 a4 34. Ra3 Rf6+ 35. Ke3 Ra5 36. Bb4 Ra6 37. Bc3 Re6 38. Rha1 Rb6 39. Rxa4 Rb3 40. R1a3 Rxa3 41. Rxa3 Kh7 42. Ra5 Bf7 43. Bxe5 Bg6 44. Kd4 Re8 45. Ra7 Rg8 46. g4 Rd8+ 47. Ke3 Rg8 48. Bf6 h5 49. gxh5 Bxh5 50. Kf4 Kg6 51. Bc3 Rf8+ 52. Ke3 Rf7 53. Ra6 Rc7 54. Be5 Rc8 55. Ra7 Rg8 56. Bc3 Bg4 57. Kd4 Rd8+ 58. Kc5 Rg8 59. Re7 Bf3 60. Bd4 Kh5 61. Bxg7 Bxe4 62. Bd4 Bd5 63. Kd6 Rg6+ 64. Kc5 Kg4 65. Re1 Kf3 66. Re3+ Kf4 67. Rc3 Rg2 68. Rc1 Re2 69. Rc3 Ke4 70. Rc1 Ra2 71. Bg7 Kd3 72. Kd6 Ra4 73. Rc3+ Kd2 74. Rc5 Re4 75. Bh6+ Kd3 76. Bg7 Re6+ 77. Kd7 Rg6 78. Be5 Ke4 79. Ba1 Rg1 80. Bh8 Rg8 81. Ba1 Ra8 82. Rc1 Ra7+ 83. Kd6 Ra6 84. Kc5 Kd3 85. Rc3+ Kd2 86. Bb2 Ra2 87. Rh3 Rxb2 88. Kd4 Rb4+ 89. Kc5 Rc4+ 90. Kd6 Rc3 91. Rh2+ Kd3 92. Rh4 Rc4 93. Rh3+ Kc2 94. Ke5 Kb2 95. Rh2+ Kb3 96. Kd6 Kc3 97. Rh3+ Kb4 98. Rh2 Kb5 99. Rb2+ Rb4 100. Rc2 Rd4 101. Rc5+ Kb6 102. Rc1 Bc4+ 103. Ke5 Rd5+ 104. Ke4 Bb5 105. Ra1 Bd3+ 106. Ke3 c5 107. Ra8 c4 108. Kd2 Be4+ 109. Kc3 Bd3 110. Rb8+ Kc7 111. Rh8 Rb5 112. Rh7+ Kc6 113. Kd4 Rb3 114. Rh6+ Kb5 115. Rh8 Kb4 116. Rb8+ Ka3 117. Rh8 Kb2 118. Rh2+ Kb1 119. Rh1+ Ka2 120. Rh2+ Rb2 121. Rh8 Rc2 122. Rb8 Be2 123. Ra8+ Kb3 124. Rb8+ Ka2 125. Ke3 Ka1 126. Kd4 Ka2 1/2-1/2


[Site "https://www.chess.com"]

[Event "Titled Tuesday Blitz January 17 Early 2023"]
[White "Tsaruk, Maksim"]
[Black "UnknownMagician"]
[WhiteFideId "13511173"]
[WhiteElo "2373"]
[BlackElo "2637"]
[Result "0-1"]
[Round "06"]
[TimeControl "180+2"]
[Date "2023.01.17"]
[WhiteClock "0:00:05"]
[BlackClock "0:00:31"]

1. e4 c6 2. d4 d5 3. Nd2 dxe4 4. Nxe4 Nf6 5. Nxf6+ gxf6 6. c3 Bf5 7. Ne2 h5 8. Ng3 Bg6 9. h4 Qd5 10. Be2 Nd7 11. Bf3 Qe6+ 12. Be3 Nb6 13. Qe2 Nc4 14. Bxh5 Nxe3 15. fxe3 Bxh5 16. Nxh5 Bh6 17. Nf4 Qe4 18. O-O e5 19. Rae1 exf4 20. exf4 Qxe2 21. Rxe2+ Kd7 22. Rfe1 Bf8 23. g3 Bd6 24. Kg2 f5 25. Kf3 Rag8 26. b4 a5 27. bxa5 Ra8 28. Rb1 Kc7 29. Reb2 Rhb8 30. c4 Rxa5 31. c5 Be7 32. Rd2 Ra3+ 33. Rb3 Rxb3+ 34. axb3 Rd8 35. g4 fxg4+ 36. Kxg4 Bxc5 37. Kf5 Rxd4 38. Rg2 Bd6 39. Rg4 b5 40. h5 Rd5+ 41. Kf6 Rxh5 42. f5 Rh7 43. Re4 c5 44. Re8 c4 45. bxc4 bxc4 46. Re4 Kd7 47. Rxc4 Be7+ 48. Ke5 f6+ 49. Kd5 Rh5 50. Rf4 Bd6 51. Rf1 Be5 52. Rb1 Rxf5 53. Rb7+ Ke8 54. Ke6 Rf1 55. Ra7 Kd8 56. Rd7+ Kc8 57. Rd5 Rc1 58. Rd2 Rc6+ 59. Kf5 Rc7 60. Rd3 Rd7 61. Rb3 Kd8 62. Ke6 Rd6+ 63. Kf5 Ke7 64. Rb7+ Rd7 65. Rb6 Kf7 66. Rb1 Rc7 67. Rh1 Kg7 68. Rg1+ Kf8 69. Rh1 Rg7 70. Ke6 Re7+ 71. Kf5 Bb2 72. Rh8+ Kg7 73. Rh2 Re5+ 74. Kf4 Ba3 75. Ra2 Bd6 76. Kf3 Kg6 77. Rg2+ Kf5 78. Rg8 Bc5 79. Rd8 Be3 80. Rh8 Bg5 81. Rc8 Re3+ 82. Kf2 Re4 83. Rc5+ Kg4 84. Rc6 f5 85. Rg6 f4 86. Rc6 Ra4 87. Kf1 Kf3 88. Rc3+ Kg4 89. Rc2 Bh4 90. Rg2+ Kf3 91. Rf2+ Ke4 92. Re2+ Kf5 93. Rc2 f3 94. Rc1 Kg4 95. Kg1 Kg3 96. Kh1 Ra2 97. Rg1+ Kh3 98. Rd1 Rh2+ 99. Kg1 f2+ 100. Kf1 Rh1+ 101. Ke2 Rxd1 0-1


[Site "https://www.chess.com"]

[Event "Titled Tuesday Blitz January 17 Early 2023"]
[White "Tologon tegin, Semetei"]
[Black "Murzin, Volodar"]
[WhiteFideId "13800574"]
[BlackFideId "44155573"]
[WhiteElo "2372"]
[BlackElo "2604"]
[Result "0-1"]
[Round "06"]
[TimeControl "180+2"]
[Date "2023.01.17"]
[WhiteClock "0:00:10"]
[BlackClock "0:00:06"]

1. Nf3 Nf6 2. g3 g6 3. b3 Bg7 4. Bb2 O-O 5. Bg2 d6 6. d4 Nbd7 7. O-O e5 8. dxe5 Ng4 9. Qd2 dxe5 10. c4 Re8 11. h3 Nh6 12. e3 f6 13. Rd1 Nf7 14. Nc3 c6 15. Qc2 Qe7 16. a3 a5 17. Nd2 f5 18. e4 f4 19. Na4 Ng5 20. c5 Nf6 21. Kh2 Qe6 22. Qc4 Qxc4 23. Nxc4 f3 24. Bf1 Ngxe4 25. Nab6 Rb8 26. Bxe5 Be6 27. Bxb8 Rxb8 28. Re1 Nxc5 29. Nxa5 Nfe4 30. Rac1 Bb2 31. Rxc5 Nxc5 32. b4 Bc3 33. Re3 Bd2 34. Re5 Nd7 35. Rxe6 Nxb6 36. Re7 Bc1 37. Nxb7 Bxa3 38. b5 Bxe7 39. bxc6 Bd8 40. Nxd8 Rxd8 41. Ba6 Nd5 42. Bc4 Kg7 43. g4 Nc7 44. Kg3 Rf8 0-1


[Site "https://www.chess.com"]

[Event "Titled Tuesday Blitz January 17 Early 2023"]
[White "Omelja, Artem"]
[Black "Rustemov, Alexander"]
[WhiteFideId "14119846"]
[BlackFideId "4119002"]
[WhiteElo "2446"]
[BlackElo "2525"]
[Result "0-1"]
[Round "06"]
[TimeControl "180+2"]
[Date "2023.01.17"]
[WhiteClock "0:00:22"]
[BlackClock "0:01:22"]

1. e4 e6 2. d3 c5 3. Nd2 Nc6 4. Ngf3 g6 5. g3 Bg7 6. Bg2 Nge7 7. O-O O-O 8. Re1 d6 9. a4 e5 10. c3 h6 11. Nc4 Be6 12. Qc2 Qd7 13. Be3 f5 14. exf5 gxf5 15. Rad1 f4 16. Bc1 Bd5 17. Na3 fxg3 18. Re4 gxf2+ 19. Kxf2 Bxe4 20. dxe4 Rf6 21. Nc4 Raf8 22. Rd3 d5 23. Qd1 d4 24. Kg1 Qe6 25. b3 Ng6 26. Bd2 Nf4 27. Bxf4 Rxf4 28. Ncd2 dxc3 29. Rxc3 Nd4 30. Rxc5 Qg4 31. Rc3 R8f6 32. Nxd4 Qxd1+ 0-1


[Site "https://www.chess.com"]

[Event "Titled Tuesday Blitz January 17 Early 2023"]
[White "Andreev, Eduard"]
[Black "Sychev, Klementy"]
[WhiteFideId "14103400"]
[BlackFideId "4114060"]
[WhiteElo "2413"]
[BlackElo "2547"]
[Result "0-1"]
[Round "06"]
[TimeControl "180+2"]
[Date "2023.01.17"]
[WhiteClock "0:00:08"]
[BlackClock "0:01:38"]

1. e4 e5 2. Nf3 Nc6 3. d4 exd4 4. Nxd4 Nf6 5. Nxc6 bxc6 6. e5 Qe7 7. Qe2 Nd5 8. h4 Qe6 9. c4 Nb6 10. b3 Bb4+ 11. Bd2 c5 12. a3 Bxd2+ 13. Nxd2 Bb7 14. Rh3 O-O-O 15. Re3 f5 16. f4 h6 17. h5 d5 18. exd6 Qf6 19. Rb1 cxd6 20. Kf2 Qh4+ 21. Kg1 Qxf4 22. b4 Qd4 23. Nf3 Bxf3 24. Qxf3 f4 25. Qc6+ Kb8 26. bxc5 Qxe3+ 27. Kh1 Qxc5 0-1


[Site "https://www.chess.com"]

[Event "Titled Tuesday Blitz January 17 Early 2023"]
[White "Borges Feria, Yasel"]
[Black "Mammadzada, Gunay"]
[WhiteFideId "3504921"]
[BlackFideId "13403729"]
[WhiteElo "2439"]
[BlackElo "2449"]
[Result "1-0"]
[Round "06"]
[TimeControl "180+2"]
[Date "2023.01.17"]
[WhiteClock "0:00:12"]
[BlackClock "0:00:05"]

1. d4 d5 2. c4 c6 3. Nf3 Nf6 4. Qb3 dxc4 5. Qxc4 Bf5 6. g3 e6 7. Bg2 Be7 8. O-O O-O 9. Rd1 Nbd7 10. e3 Qa5 11. Qe2 Ne4 12. Nfd2 Ndf6 13. Nb3 Qd5 14. f3 Nd6 15. Nc3 Qc4 16. e4 Qxe2 17. Nxe2 Nfxe4 18. fxe4 Nxe4 19. Nc3 Nf6 20. Na5 Bg4 21. Rf1 Nd5 22. h3 Bh5 23. Nxd5 cxd5 24. Bf4 g5 25. Be3 Bg6 26. Rfc1 Rab8 27. a3 h6 28. Rc3 Bd8 29. Nb3 b6 30. Rac1 Bf5 31. g4 Bg6 32. Rc8 Bf6 33. Rxb8 Rxb8 34. Rc7 a5 35. Nd2 b5 36. Nf3 b4 37. a4 b3 38. Rc5 Bd8 39. Bf1 Be4 40. Ne5 Be7 41. Rc6 f6 42. Nd3 Kf7 43. Nc5 Bxc5 44. Rxc5 Rb4 45. Bb5 e5 46. dxe5 fxe5 47. Kf2 Ke6 48. Ke1 d4 49. Bd2 Kd6 50. Bxb4 axb4 51. Rc8 Bd5 52. Kd2 Ke6 53. Bc4 e4 54. Bxd5+ Kxd5 55. Rd8+ 1-0


[Site "https://www.chess.com"]

[Event "Titled Tuesday Blitz January 17 Early 2023"]
[White "Mamedov, Edgar"]
[Black "Postny, Evgeny"]
[WhiteFideId "13739980"]
[BlackFideId "2804344"]
[WhiteElo "2193"]
[BlackElo "2549"]
[Result "1/2-1/2"]
[Round "06"]
[TimeControl "180+2"]
[Date "2023.01.17"]
[WhiteClock "0:00:05"]
[BlackClock "0:00:05"]

1. d4 Nf6 2. c4 e5 3. dxe5 Ne4 4. Nf3 Nc6 5. g3 Bb4+ 6. Nbd2 Qe7 7. a3 Nxe5 8. Nxe5 Bxd2+ 9. Bxd2 Qxe5 10. Bg2 Nxd2 11. Qxd2 O-O 12. O-O d6 13. e4 Bd7 14. Rad1 Bc6 15. Rfe1 Rfe8 16. b4 a5 17. b5 Bd7 18. b6 Ba4 19. Rb1 c5 20. f4 Qe7 21. e5 dxe5 22. Rxe5 Qf6 23. Bxb7 Rad8 24. Rxe8+ Bxe8 25. Bd5 h5 26. b7 Rb8 27. Qe3 h4 28. Qe5 Qd8 29. Rd1 Kf8 30. Qe3 Rxb7 31. Qxc5+ Qe7 32. Qxe7+ Rxe7 33. Kf2 Rc7 34. Rb1 Bc6 35. Ke3 Bxd5 36. cxd5 Rc3+ 37. Kd4 Rxa3 38. d6 Ke8 39. Kc5 hxg3 40. hxg3 Rxg3 41. Rb8+ Kd7 42. Rb7+ Ke8 43. Rb8+ Kd7 44. Rb7+ Ke8 45. Rb8+ 1/2-1/2


[Site "https://www.chess.com"]

[Event "Titled Tuesday Blitz January 17 Early 2023"]
[White "Kobalia, Mikhail"]
[Black "Warchol, Kamil"]
[WhiteFideId "4119150"]
[BlackFideId "21858241"]
[WhiteElo "2578"]
[BlackElo "2173"]
[Result "1-0"]
[Round "06"]
[TimeControl "180+2"]
[Date "2023.01.17"]
[WhiteClock "0:01:39"]
[BlackClock "0:00:01"]

1. e4 c5 2. Nf3 e6 3. g3 Nc6 4. Bg2 Nf6 5. Qe2 e5 6. O-O Be7 7. d3 d6 8. Na3 h6 9. Nc4 O-O 10. c3 Re8 11. Nfd2 Bf8 12. Ne3 Rb8 13. f4 exf4 14. gxf4 Kh8 15. Kh1 Bd7 16. Bf3 b5 17. Qg2 Qc8 18. Rg1 b4 19. Ndc4 Qc7 20. f5 Ne5 21. Nxe5 dxe5 22. Nd5 Nxd5 23. Bxh6 Nf4 24. Bxg7+ Kh7 25. Qg5 Qc6 26. Qh4+ 1-0


[Site "https://www.chess.com"]